 Dungeon Crawl Stone Soup version 0.29-a0-322-g68df515428 (webtiles) character file.

Game seed: 15097048705750492477

43 experimilk the Grasshopper (level 3, 0/28 HPs)
             Began as a Palentonga Warper on Apr 9, 2022.
             Succumbed to an adder's poison
             ... on level 1 of the Dungeon.
             The game lasted 00:03:53 (1578 turns).

experimilk the Grasshopper (Palentonga Warper)      Turns: 1578, Time: 00:03:53

Health: 0/28       AC:  5    Str: 14    XL:     3   Next: 37%
Magic:  5/6        EV:  9    Int: 15    God:
Gold:   71         SH:  0    Dex:  9    Spells: 1/6 levels left

rFire   + . .      SeeInvis +   a - +0 mace
rCold   + . .      Faith    .   (no shield)
rNeg    . . .      Spirit   .   b - +0 leather armour
rPois   +          Reflect  .   i - +0 helmet
rElec   +          Harm     .   (no cloak)
rCorr   +          Rampage  .   (no gloves)
Will    .....                   (no barding)
Stlth   +.........              (no amulet)
HPRegen 0.09/turn               (no ring)
MPRegen 0.10/turn               (no ring)

@: mighty, lethally poisoned (0 -> -6), resistant
A: large, rugged brown scales 3, see invisible, deformed body, roll 1, armoured
tail
a: Rolling Charge


You were on level 1 of the Dungeon.
You visited 1 branch of the dungeon, and saw 2 of its levels.

You collected 71 gold pieces.

Inventory:

Hand Weapons
 a - a +0 mace (weapon)
Missiles
 d - 5 boomerangs of dispersal (quivered)
Armour
 b - a +0 leather armour (worn)
 i - a +0 helmet (worn)
Jewellery
 k - a ring of fire
Scrolls
 c - a scroll of identify {unknown}
Potions
 f - a potion of might
 g - a potion of brilliance {unknown}
 j - a potion of curing {unknown}


   Skills:
 - Level 2.0 Fighting
 * Level 3.3 Maces & Flails
 - Level 0.6 Throwing
 - Level 0.7 Armour
 - Level 1.5 Dodging
 - Level 2.0 Spellcasting
 + Level 3.5 Translocations


You had one spell level left.
You knew the following spells:

 Your Spells              Type           Power      Damage    Failure   Level
a - Blink                 Tloc           24%        N/A       10%         2
z - Gell's Gravitas       Tloc           12%        N/A       21%         3

Your spell library contained the following spells:

 Spells                   Type           Power      Damage    Failure   Level
 Lesser Beckoning         Tloc           12%        N/A       21%         3
 Teleport Other           Tloc           12%        N/A       21%         3
 Ensorcelled Hibernation  Hex/Ice        2%         N/A       38%         2
 Passwall                 Tmut/Erth      0%         N/A       38%         2
 Swiftness                Air            1%         N/A       63%         3
 Manifold Assault         Tloc           12%        N/A       88%         5


Dungeon Overview and Level Annotations

Branches:
Dungeon (2/15)

Altars:


Innate Abilities, Weirdness & Mutations

You are completely covered in rugged brown scales. (AC +3, +7% HP)
You have supernaturally acute eyesight. (SInv)
Armour fits poorly on your strangely shaped body.
You can roll at nearby foes to attack.
You have a long armoured tail.


Message History

The adder bites you but does no damage. x2
You closely miss the adder.
The adder is lightly wounded.
The adder bites you but does no damage. The adder misses you.
You barely miss the adder.
The adder is lightly wounded.
You feel stable enough to blink again. The adder closely misses you.
You miss the adder.
The adder is lightly wounded.
The adder bites you.
You are poisoned.
The adder poisons you! The adder bites you but does no damage.
You closely miss the adder.
The adder is lightly wounded.
You feel sick. The adder barely misses you. The adder bites you.
* * * LOW HITPOINT WARNING * * *
You hit the adder.
The adder is heavily wounded.
You feel sick. The adder barely misses you.
You miss the adder.
The adder is heavily wounded.
You feel sick. The adder barely misses you.
The adder bites you but does no damage.
You hit the adder.
The adder is almost dead.
You feel sick.
You are no longer poisoned.
The adder bites you.
* * * LOW HITPOINT WARNING * * *
The adder barely misses you.
It was a potion of might.
You feel very mighty all of a sudden. The adder bites you.
* * * LOW HITPOINT WARNING * * *
You are lethally poisoned!
The adder poisons you!
It was a potion of resistance.
You feel protected.
You die...

###......# #..........# ####....
#########.###..........###..)....
......................##...#####.
....#####..................#####.
.##....######....................
..####..## #...........########.
#.## ##..####...........# #. ...#
##...##...........# ###. #..#
###.##...@.......# ##... #..###
#.###..S......## ##.... #....###
#.####......### #..... #.##...#
#..#######..# #.....
#.####.####..# #..## #..... #.#
#..# ##.#####.#########.....
#.#####.####.....................
..................##########.....
......#.####.###.## #.....


You could see an adder.

Vanquished Creatures
  An adder (D:2)
  A gnoll (D:1)
  5 ball pythons (D:1)
  A bat (D:1)
  4 endoplasms (D:1)
  A goblin (D:1)
  2 hobgoblins (D:1)
  5 jackals
  A frilled lizard (D:2)
  2 rats (D:1)
23 creatures vanquished.

Notes
Turn   | Place    | Note
-------+----------+-------------------------------------------
     0 | D:1      | experimilk the Palentonga Warper began the quest for the
                  | Orb.
     0 | D:1      | Reached XP level 1. HP: 17/17 MP: 3/3
    58 | D:1      | Reached XP level 2. HP: 23/23 MP: 5/5
    66 | D:1      | Learned a level 2 spell: Blink
  1083 | D:1      | Reached XP level 3. HP: 28/28 MP: 6/6
  1149 | D:1      | Learned a level 3 spell: Gell's Gravitas
  1537 | D:2      | Found a faded altar of an unknown god.
  1578 | D:1      | Succumbed to an adder's poison

Illustrated notes

Levels and vault maps discovered:
D:1:      wander_arrival_lonely_grave, layout_rooms
D:2:      layout_loops_ring, hellmonk_ecumenical_altar_dog_temple,
          kennysheep_generic_room_3

Skill      XL: |  1  2 |
---------------+-------+-----
Maces & Flails | 3 |  3.3
Fighting       | |  2.0
Throwing       | |  0.6
Armour         | |  0.7
Dodging        | |  1.5
Spellcasting   | |  2.0
Translocations | |  3.5

Action                   || total
-------------------------++-------
Melee: Mace              ||    72
       Tailslap          ||    10
       Punch             ||     1
Throw: Boomerang         ||     2
 Cast: Blink             ||     5
 Abil: Rolling Charge    ||    24
  Use: Scroll            ||     2
       Potion            ||     2
Armor: Leather armour    ||    38
Dodge: Dodged            ||    46

Table legend: (Time is in decaauts)
 A = Elapsed time spent in this place.
 B = Non-inter-level travel time spent in this place.
 C = Inter-level travel time spent in this place.
 D = Time resting spent in this place.
 E = Time spent auto-exploring this place.
 F = Levels seen in this place.
 G = Mean time per level.
                   A        B        C        D        E       F      G
               +--------+--------+--------+--------+--------+-----+--------+
         Total |   1597 |   1553 |     44 |    845 |    340 |   2 |  798.5 |
       Dungeon |   1597 |   1553 |     44 |    845 |    340 |   2 |  798.5 |
               +--------+--------+--------+--------+--------+-----+--------+

Top non-repeatable levels by time:
     D:1: 1422 daAuts
     D:2: 175 daAuts
